cohdb
Replays
Latest Replays
All Replays
Popular Replays
Top Player Replays
Match Explorer
How It Works
Community
CoH3 Stats
Reddit
Sign in to upload your games and track your stats! →
Sign in with Steam
Match 43267251
Unlisted
Match 43267251
Overview
Messages
Build Orders
End
Scout Squad
Construct Barracks
1⁄4-ton 4x4 Truck
Riflemen Squad
Engineer Squad
Infantry Support Center
Riflemen Squad
M1918 Browning Automatic Rifles
Construct Medical Station
Engineer Squad
Advanced Logistics
Survival Training
M1 Mortar Team
Riflemen Squad
Grenade Package
Riflemen Squad
Selects Heavy Weapons
Selects Assault Carriers
Selects Exchangeable Parts
Selects M26 Pershing Heavy Tank
Selects M2HB .50cal Heavy Machine Gun
M26 Pershing Heavy Tank
Engineer Squad
Shinshigumi
Barbarossa
0
0
Comments
sign in to comment!
No comments posted yet!